 Dungeon Crawl Stone Soup version 0.26-a0-611-g354ed81502 (webtiles) character file.

Game seed: 11073644641528931167

2 Descartes the Sneak (level 1, -5/10 HPs)
             Began as a Felid Delver on Sept 5, 2020.
             Killed from afar by a white imp (8 damage)
             ... with a puff of frost
             ... on level 5 of the Dungeon.
             The game lasted 00:00:30 (103 turns).

Descartes the Sneak (Felid Delver)                   Turns: 103, Time: 00:00:31

Health: -5/10      AC:  1    Str:  8    XL:     1   Next: 25%
Magic:  2/2        EV: 18    Int: 11    God:
Gold:   0          SH:  0    Dex: 17    Spells: 0/0 levels left
                                        Lives:  0   Deaths: 0

rFire    . . .     SeeInvis +     - Unarmed
rCold    . . .     Faith    .   (shield unavailable)
rNeg     . . .     Spirit   .   (armour unavailable)
rPois    .         Reflect  .   (helmet unavailable)
rElec    .         Harm     .   (cloak unavailable)
rCorr    .                      (gloves unavailable)
MR       .....                  (boots unavailable)
Stlth    ++++......             (no amulet)
HPRegen  0.03/turn              (no ring)
MPRegen  0.08/turn              (no ring)

@: quick
A: very small, no armour, no weapons or thrown items, stealth, claws 1, fangs 3,
see invisible, speed 1, shaggy fur 1, sharp paws
a: no special abilities


You were on level 5 of the Dungeon.
You visited 1 branch of the dungeon, and saw 1 of its levels.

Inventory:

Wands
 e - a wand of digging (3)
Scrolls
 a - a scroll of fog
 b - a scroll of magic mapping
 c - a scroll of fear
Potions
 d - a potion of haste
 f - a potion of might {unknown}


   Skills:
 - Level 3.0 Fighting
 - Level 2.6 Dodging
 + Level 6.7 Stealth
 - Level 2.0 Unarmed Combat


You couldn't memorise any spells.
You didn't know any spells.
Your spell library contained the following spells:

 Spells                   Type           Power        Failure   Level
 Confusing Touch          Hex            #.......     71%         3
 Gell's Gravitas          Tloc           #.........   71%         3
 Petrify                  Tmut/Erth      #.......     98%         4
 Metabolic Englaciation   Hex/Ice        #.........   100%        5
 Yara's Violent Unravell  Hex/Tmut       #.........   100%        5


Dungeon Overview and Level Annotations

Branches:
Dungeon (5/15)
 Temple: D:4-7

Altars:
Uskayaw


Innate Abilities, Weirdness & Mutations

You cannot wear armour.
You are incapable of wielding weapons or throwing items.
Your paws allow you to move quietly. (Stealth)
You have sharp claws.
You have razor-sharp teeth.
You have supernaturally acute eyesight. (SInv)
You cover ground quickly.
You are covered in fur. (AC +1)
Your sharp claws are effective at attacking unaware monsters.


Message History

The adder closely misses you.
You miss the adder.
The adder is heavily wounded.
The adder misses you.
You barely miss the adder.
The adder is heavily wounded.
The adder barely misses you.
You miss the adder.
The adder is heavily wounded.
You barely miss the two-headed ogre.
You see here 6 gold pieces.
A white imp comes into view.
Found a smoky brown potion.
The white imp barely misses you.
You scratch the white imp but do no damage.
The white imp misses you. The white imp gestures at you.
The puff of frost hits you!
Ouch! That really hurt!
You die...

# #......#.##
#+######.# ## #
#...## #.# #.. ##.
#.....# #.###.#
##..# ###.......
#.##..# ##.
#.##.........
##.#...#
#..###S..8.8.8...
+.......
#..#....5.......
####...#
#..##O.@.......
##..#
##.##.....!.#.. ##..
#.###....)_# ### #S#
#......# #####$#
#........ #####
###.....# #.(......#
#.... ........#
#.8.8.8.## #.###
###.###.###.......##
#.# # #.##.###.....
#.#


You could see a two-headed ogre, an adder and a white imp.

Vanquished Creatures
  A leopard gecko (D:5)
1 creature vanquished.

Notes
Turn   | Place    | Note
-------+----------+-------------------------------------------
     0 | D:5      | Descartes the Felid Delver began the quest for the Orb.
     0 | D:5      | Reached XP level 1. HP: 10/10 MP: 2/2
    61 | D:5      | Noticed a two-headed ogre
    72 | D:5      | Found a hide-covered altar of Uskayaw.
   103 | D:5      | Killed from afar by a white imp

Illustrated notes

Levels and vault maps discovered:
D:5:      layout_loops_corners, eat_drink_and_be_merry_uskayaw

Action                   || total
-------------------------++-------
Melee: Unarmed           ||    19
Armor: Skin              ||     1
Dodge: Dodged            ||    18

Table legend: (Time is in decaauts)
 A = Elapsed time spent in this place.
 B = Non-inter-level travel time spent in this place.
 C = Inter-level travel time spent in this place.
 D = Time resting spent in this place.
 E = Time spent auto-exploring this place.
 F = Levels seen in this place.
 G = Mean time per level.
                   A        B        C        D        E       F      G
               +--------+--------+--------+--------+--------+-----+--------+
         Total |     86 |     86 |      0 |      0 |     36 |   1 |   86.0 |
       Dungeon |     86 |     86 |      0 |      0 |     36 |   1 |   86.0 |
               +--------+--------+--------+--------+--------+-----+--------+

Top non-repeatable levels by time:
     D:5: 86 daAuts
